 Dungeon Crawl Stone Soup version 0.20.1-1-g8b1a95d (webtiles) character file.

50 mortelune the Covered (level 3, -1/23 HPs)
             Began as a Gargoyle Fighter on Nov 22, 2017.
             Slain by a shadow imp (2 damage)
             ... summoned by PipsiMox's ghost
             ... on level 3 of the Dungeon.
             The game lasted 00:02:51 (1569 turns).

mortelune the Covered (Gargoyle Fighter)            Turns: 1569, Time: 00:02:52

Health: -1/23      AC: 10    Str: 20    XL:     3   Next: 79%
Magic:  3/3        EV:  7    Int:  8    God:
Gold:   105        SH:  9    Dex:  9    Spells: 2/2 levels left

rFire    . . .     SeeInvis .   a - +0 flail
rCold    . . .     Gourm    .   c - +0 shield
rNeg     + . .     Faith    .   b - +0 scale mail
rPois    ∞         Spirit   .   (no helmet)
rElec    +         Reflect  .   (no cloak)
rCorr    .         Harm     .   (no gloves)
MR       .....                  (no boots)
Stlth    ..........             (no amulet)
Regen    0.1/turn               (no ring)
MPRegen  0.1/turn               (no ring)

@: no status effects
A: negative energy resistance 1, electricity resistance, unbreathing,
petrification resistance, rot immunity, AC +3
a: no special abilities


You were on level 3 of the Dungeon.
You were not hungry.

You visited 1 branch of the dungeon, and saw 3 of its levels.

You collected 105 gold pieces.

Inventory:

Hand Weapons
 a - a +0 flail (weapon)
Armour
 b - a +0 scale mail (worn)
 c - a +0 shield (worn)
Wands
 l - a wand of flame (31/48)
 m - a wand of polymorph (8/24)
Scrolls
 i - 3 scrolls of teleportation {unknown}
 j - a scroll of magic mapping {unknown}
 o - a scroll of blinking {unknown}
Potions
 d - a potion of might
 e - a potion of lignification {unknown}
 k - a potion of experience {unknown}
 q - a potion of curing {unknown}
Comestibles
 f - 2 bread rations
 g - 3 chunks of flesh
 h - 3 meat rations
 n - a royal jelly
 p - a fruit


   Skills:
 + Level 3.6 Fighting
 * Level 3.3 Maces & Flails
 + Level 3.7 Armour
 - Level 3.2 Shields


You had 2 spell levels left.
You didn't know any spells.

Dungeon Overview and Level Annotations

Branches:
Dungeon (3/15)

Altars:

Annotations:
D:3 PipsiMox's ghost, weakling OpWz


Innate Abilities, Weirdness & Mutations

You are resistant to torment.
Your stone body is resilient. (AC +3)
You are immune to poison.
You resist negative energy. (rN+)
You are resistant to electric shocks. (rElec)
You can survive without breathing.
You are immune to petrification.
You are immune to rotting.


Message History

You hit the shadow imp.
The shadow imp is lightly wounded.
The shadow imp barely misses you. PipsiMox's ghost casts a spell at you.
The magic dart hits you!
* * * LOW HITPOINT WARNING * * *
You block the shadow imp's attack.
An orc comes into view. It is wielding a club.
You barely miss the shadow imp.
The shadow imp is lightly wounded.
The orc shouts!
PipsiMox's ghost casts a spell.
The orc moves out of view.
The shadow imp hits you but does no damage.
PipsiMox's ghost hits you.
* * * LOW HITPOINT WARNING * * *
You closely miss the shadow imp.
The shadow imp is lightly wounded.
The shadow imp hits you.
You die...

.......
#.....
#..... .....
.# o5.# .#
5g##.# #
#W#..#
#.#@#..#
#.#5#..#
#......#
#...#.<..#
....#.###.##
... . .# ##
.# ## ##


You could see an iron imp, PipsiMox's ghost, a white imp, a shadow imp, an orc
and a hobgoblin.

Vanquished Creatures
  An adder (D:2)
  A worm (D:2)
  A dart slug (D:1)
  5 bats
  3 giant cockroaches
  3 hobgoblins
  3 kobolds (D:1)
  A quokka (D:2)
  A ball python (D:2)
  2 frilled lizards
  6 goblins
  7 rats
34 creatures vanquished.

Notes
Turn   | Place    | Note
-------+----------+-------------------------------------------
     0 | D:1      | mortelune the Gargoyle Fighter began the quest for the Orb.
     0 | D:1      | Reached XP level 1. HP: 14/14 MP: 1/1
   477 | D:1      | Reached XP level 2. HP: 16/19 MP: 2/2
   999 | D:2      | Reached XP level 3. HP: 23/23 MP: 3/3
  1551 | D:3      | Noticed PipsiMox's ghost (weakling OpWz)
  1568 | D:3      | HP: 1/23 [PipsiMox's ghost (1)]
  1569 | D:3      | Slain by a shadow imp

Skill      XL: |  1  2  3 |
---------------+----------+-----
Maces & Flails | 3 |  3.3
Fighting       | |  3.6
Armour         | |  3.7
Shields        | |  3.2

Action                   || total
-------------------------++-------
Melee: Flail             ||   133
  Eat: Chunk             ||     2
Armor: Scale mail        ||    79
Dodge: Dodged            ||    38
Block: Shield            ||    59
